AoeStats
← QNa_NguaHoang

Arena

509568577Analyzed
4v4 RM · 4d ago on Sep 27, 2026· 37m 40s· 8 players
Game mode
Random Map
Map size
Large (8 player)
Population
200
Speed
Normal
Resources
Standard
Victory
Conquest
Starting age
Dark Age
Ending age
Imperial Age
RankedLock teamsTeams togetherTeam positionsShared explorationLock speedFull tech treeHidden civsTurbo modeCheats
Victory
Defeat
🇹🇼 Italians · Taiwan
1301
+13
🇹🇼 Varangians · Taiwan
1266
+15
🇹🇼 Shu · Taiwan
1181
+18
🇹🇼 Goths · Taiwan
1073
+23
🇻🇳 Saracens · Vietnam
1267
-19
🇨🇳 Burmese · China
1249
-18
🇫🇷 Celts · France
1216
-17
🇨🇳 Magyars · China
1189
-15
Nothing...
9:47 Feudal Age
14:52 Castle Age
13:37 Horse Collar
15:40 Heavy Plow
15:49 Stone Mining
17:36 Loom
28:46 Masonry
29:36 Forging
30:55 Wheelbarrow
30:26 Fletching
30:41 Town Watch
34:26 Imperial Age
33:05 Hand Cart
32:58 Man-at-Arms
33:24 Gambesons
33:40 Squires
33:26 Arson
33:44 Scale Mail Armor
34:19 Iron Casting
33:43 Long Swordsman
34:28 Two-Handed Swordsman
34:48 Elite Skirmisher
37:03 Chain Mail Armor
wouanou
11:21 Feudal Age
16:03 Castle Age
14:47 Double-Bit Axe
17:20 Scale Mail Armor
17:53 Horse Collar
18:44 Pikeman
20:46 Forging
21:41 Heavy Plow
21:52 Bow Saw
24:08 Gold Mining
27:12 Wheelbarrow
26:23 Town Watch
32:37 Imperial Age
31:23 Fortified Wall
33:16 Halberdier
34:02 Fletching
35:10 Chain Mail Armor
34:22 Onager
35:06 Bodkin Arrow
37:22 Ballistics
QNa_NguaHoang
3:17 Loom
11:56 Feudal Age
16:36 Castle Age
15:04 Stone Mining
15:59 Double-Bit Axe
15:56 Horse Collar
27:14 Wheelbarrow
26:52 Bow Saw
26:53 Heavy Plow
29:27 Hand Cart
32:14 Imperial Age
30:24 Hand Cart
31:44 Scale Barding Armor
32:33 Forging
32:47 Bloodlines
33:09 Husbandry
34:33 Iron Casting
34:23 Light Cavalry
xygogo
10:25 Feudal Age
15:03 Castle Age
13:50 Double-Bit Axe
14:23 Horse Collar
16:48 Loom
24:55 Bow Saw
26:25 Stone Mining
26:42 Gold Mining
28:07 Heavy Plow
28:48 Wheelbarrow
32:01 Imperial Age
29:20 Town Watch
29:21 Loom
30:14 Scale Barding Armor
30:50 Corvinian Army
31:20 Chain Barding Armor
32:07 Fletching
33:21 Coinage
34:07 Plate Barding Armor
33:46 Bloodlines
34:29 Bodkin Arrow
36:08 Bracer
oioi55669
10:10 Feudal Age
14:10 Castle Age
12:23 Double-Bit Axe
12:51 Horse Collar
15:18 Bow Saw
21:39 Wheelbarrow
20:50 Loom
24:09 Gold Mining
24:09 Stone Mining
24:46 Treadmill Crane
29:01 Imperial Age
26:50 Hand Cart
27:19 Heavy Plow
27:37 Forging
27:27 Scale Mail Armor
28:16 Squires
28:01 Arson
28:02 Gambesons
27:42 Pikeman
29:12 Stone Shaft Mining
29:23 Iron Casting
30:10 Chain Mail Armor
29:25 Elite Varangian Guard
29:39 Capped Ram
31:32 Blast Furnace
31:42 Plate Mail Armor
31:19 Gothikon
36:22 Siege Ram
37:26 Conscription
SBZ
9:14 Loom
11:17 Feudal Age
15:10 Castle Age
14:42 Fletching
33:09 Double-Bit Axe
33:20 Gold Mining
34:17 Horse Collar
38:17 Imperial Age
36:28 Bow Saw
37:00 Wheelbarrow
37:52 Gold Shaft Mining
37:37 Padded Archer Armor
38:01 Ballistics
AnAnHeart
10:46 Feudal Age
14:41 Castle Age
13:08 Double-Bit Axe
14:20 Horse Collar
15:55 Squires
19:46 Heavy Plow
20:48 Gold Mining
22:31 Bow Saw
23:54 Forging
23:49 Scale Mail Armor
24:48 Wheelbarrow
24:32 Loom
26:50 Anarchy
30:28 Imperial Age
29:19 Iron Casting
29:34 Treadmill Crane
30:45 Hand Cart
32:02 Perfusion
32:43 Chain Mail Armor
33:28 Blast Furnace
33:38 Two-Man Saw
33:53 Anarchy
34:20 Conscription
34:55 Padded Archer Armor
37:19 Crop Rotation
36:44 Stone Mining
古特
4:56 Loom
10:22 Feudal Age
12:00 Double-Bit Axe
15:51 Castle Age
14:44 Fletching
24:31 Imperial Age
22:58 Bodkin Arrow
31:40 Ballistics
31:53 Bracer
33:19 Chemistry
32:21 Padded Archer Armor
34:22 Bow Saw
Connection lost

Rejoining the realm…

Still unreachable

The connection could not be restored.

Session expired

The server has moved on; the page needs a fresh start.